 Dungeon Crawl Stone Soup version 0.30-a0-360-g447f08457e (webtiles) character file.

Game seed: 11899784858166157968

10259 Nuhine the Blocker (level 11, -5/101 HPs)
             Began as a Minotaur Fighter on Nov 13, 2022.
             Was a Follower of Okawaru.
             Slain by a gargoyle
             ... wielding a +2 mace of protection
              (13 damage)
             ... on level 10 of the Dungeon.
             The game lasted 00:13:56 (8731 turns).

Nuhine the Blocker (Minotaur Fighter)               Turns: 8731, Time: 00:13:56

Health: -5/101     AC: 21    Str: 26    XL:     11   Next: 33%
Magic:  10/10      EV: 11    Int:  5    God:    Okawaru [*.....]
Gold:   584        SH:  6    Dex:  9    Spells: 10/10 levels left

rFire   . . .      SeeInvis .    a - +2 war axe
rCold   . . .      Faith    .    c - +0 buckler
rNeg    . . .      Spirit   .    w - +2 chain mail {rPois}
rPois   +          Reflect  .    s - +1 hat
rElec   .          Harm     .    (no cloak)
rCorr   .          Rampage  .    q - +1 pair of gloves
Will    .....                    (no boots)
Stlth   ..........               (no amulet)
HPRegen 0.36/turn                h - +4 ring of protection
MPRegen 0.12/turn                (no ring)

@: marked
A: horns 2, retaliatory headbutt, deterioration 1
a: Renounce Religion, Heroism


You were on level 10 of the Dungeon.
You worshipped Okawaru.
Okawaru was aware of your devotion.
You visited 2 branches of the dungeon, and saw 11 of its levels.

You collected 584 gold pieces.

Inventory:

Hand Weapons
 a - a +2 war axe (weapon)
Missiles
 r - 2 throwing nets (quivered)
Armour
 c - a +0 buckler (worn)
 g - an orb of light
 n - a +3 scale mail of cold resistance
 q - a +1 pair of gloves (worn)
 s - a +1 hat (worn)
 w - a +2 chain mail of poison resistance (worn)
Jewellery
 f - a ring of fire
 h - a +4 ring of protection (left hand)
Wands
 b - a wand of polymorph (17)
 d - a wand of iceblast (10)
Scrolls
 k - a scroll of identify
 o - 3 scrolls of teleportation
 u - a scroll of magic mapping
 v - 3 scrolls of fear
Potions
 e - 3 potions of brilliance
 i - 2 potions of cancellation
 j - a potion of magic
 l - 4 potions of curing
 p - 3 potions of flight
 t - a potion of haste
Miscellaneous
 m - a lightning rod (4/4)


   Skills:
 + Level 10.3 Fighting
 + Level 9.9 Axes
 + Level 10.3 Armour
 + Level 8.8 Dodging
 + Level 10.4 Shields


You had 10 spell levels left.
You didn't know any spells.
Your spell library contained the following spells:

 Spells                   Type           Power      Damage    Failure   Level
 Static Discharge         Conj/Air       0%         2-2/arc   99%         2
 Gell's Gravitas          Tloc           0%         N/A       100%        3
 Lesser Beckoning         Tloc           0%         N/A       100%        3
 Teleport Other           Tloc           0%         N/A       100%        3
 Vhi's Electric Charge    Tloc/Air       0%         N/A       100%        3
 Anguish                  Hex/Necr       0%         N/A       100%        4
 Manifold Assault         Tloc           0%         N/A       100%        4
 Arcjolt                  Conj/Air       0%         1d10      100%        5
 Lightning Bolt           Conj/Air       0%         1d11      100%        5
 Dispersal                Tloc           0%         N/A       100%        6
 Enfeeble                 Hex            0%         N/A       100%        7
 Disjunction              Tloc           0%         N/A       100%        8


Dungeon Overview and Level Annotations

Branches:
Dungeon (10/15)            Temple (1/1) D:5            Lair (0/5) D:9
    Orc (0/2) D:10

Altars:
Ashenzari
Cheibriados
Dithmenos
Elyvilon
Fedhas
Hepliaklqana
Kikubaaqudgha
Nemelex Xobeh
Okawaru
Qazlal
Ru
Sif Muna
Trog
Uskayaw
Vehumet
Wu Jian
Xom
Yredelemnul
Zin
The Shining One

Shops:
D:8 :

Annotations:
D:2 Natasha
D:6 2 transporters, haemogoblin's ghost, novice KoCK


Innate Abilities, Weirdness & Mutations

You have a pair of horns on your head.
You reflexively headbutt those who attack you in melee.
Your body sometimes deteriorates upon taking damage.


Message History

You slash the gargoyle!
The gargoyle is moderately damaged.
The gargoyle hits you with a +2 mace of protection.
You are too injured to fight recklessly!
You are too injured to fight recklessly!
You are too injured to fight recklessly!
You are too injured to fight recklessly!
You are too injured to fight recklessly!
You are too injured to fight recklessly!
You hit the gargoyle but do no damage.
The gargoyle is moderately damaged.
The gargoyle hits you with a +2 mace of protection.
Unknown command.
You hit the gargoyle but do no damage.
The gargoyle is moderately damaged.
The gargoyle hits you with a +2 mace of protection.
You hit the gargoyle but do no damage. You headbutt the gargoyle!
The gargoyle is heavily damaged.
The gargoyle hurls a stone arrow at you.
The stone arrow hits you!
* * * LOW HITPOINT WARNING * * *
The gargoyle barely misses you.
You completely miss the gargoyle.
The gargoyle is heavily damaged.
You slash the ogre!
The ogre hits you with a +0 giant spiked club!!
* * * LOW HITPOINT WARNING * * *
You block the gargoyle's attack.
Unknown command.
You hit the gargoyle but do no damage.
The gargoyle is heavily damaged.
You slash the ogre!
You kill the ogre!
Okawaru accepts your kill.
The gargoyle hurls a stone arrow at you.
The stone arrow hits you!
* * * LOW HITPOINT WARNING * * *
You feel better.
The gargoyle hits you with a +2 mace of protection!
You die...

.....
######..#########'####
#.# .#+#.
.............# #.#..#
#.## .+ .
######..####.# #...##
#... . .. #..#
#.######.####### #..#
##.......#.......
#..###[..#####.#######
######..##.....## #.#
#
........#.).....###.#
#
######.#.9@..)....).#
#..........#####
#####.....## ##...##
##.## ###


You could see a gargoyle.

Vanquished Creatures
  Harold (D:10)
  A two-headed ogre (D:9)
  Lodul (D:10)
  Maurice (D:8)
  Prince Ribbit (D:6)
  Sigmund (D:2)
  2 wraiths
  A wyvern (D:10)
  12 yaks
  A steam dragon (D:9)
  Eustachio (D:4)
  A warg (D:10)
  Edmund (D:4)
  An acid dragon (D:9)
  4 water moccasins (D:9)
  An ice beast (D:6)
  2 orc warriors (D:7)
  A black bear (D:9)
  2 sky beasts
  9 ogres
  2 centaurs (D:9)
  2 phantoms
  3 kobold brigands
  5 bullfrogs
  2 necrophages (D:5)
  2 gnoll sergeants
  17 wights
  5 killer bees
  A howler monkey (D:7)
  2 hounds (D:5)
  3 jellies
  6 orc priests
  A gnoll bouda (D:4)
  Natasha (twice) (D:2)
  3 iguanas
  6 orc wizards
  17 gnolls
  4 adders
  2 shadow imps (D:6)
  3 white imps
  2 ufetubi (D:5)
  A worm (D:5)
  6 dart slugs
  39 orcs
  3 bats (D:2)
  4 endoplasms
  3 giant cockroaches
  3 goblins
  2 hobgoblins
  7 jackals (D:2)
  2 quokkas
  2 ball pythons
  4 frilled lizards
  14 kobolds
  2 rats (D:1)
227 creatures vanquished.

Vanquished Creatures (collateral kills)
  A sky beast (D:8)
  An orc priest (D:8)
  A gnoll bouda (D:8)
  An orc wizard (D:8)
  A gnoll (D:8)
  2 orcs (D:8)
7 creatures vanquished.

Vanquished Creatures (others)
  A bullfrog (D:7)
  A howler monkey (D:7)
  2 orc wizards (D:7)
  51 fungi
  57 plants (D:9)
112 creatures vanquished.

Grand Total: 346 creatures vanquished

Notes
Turn   | Place    | Note
-------+----------+-------------------------------------------
     0 | D:1      | Nuhine the Minotaur Fighter began the quest for the Orb.
     0 | D:1      | Reached XP level 1. HP: 19/19 MP: 0/0
   235 | D:1      | Found a faded altar of an unknown god.
   305 | D:1      | Reached XP level 2. HP: 26/27 MP: 1/1
   704 | D:2      | Reached skill level 1 in Dodging
   788 | D:2      | Noticed Natasha
   790 | D:2      | Reached XP level 3. HP: 33/33 MP: 2/2
   798 | D:2      | Killed Natasha
   829 | D:2      | Noticed Sigmund
   843 | D:2      | Killed Sigmund
   844 | D:2      | Reached XP level 4. HP: 37/41 MP: 3/3
   844 | D:2      | Reached XP level 5. HP: 43/47 MP: 4/4
   948 | D:2      | Noticed Natasha
   956 | D:2      | Killed Natasha
   986 | D:2      | Noticed Natasha
  1042 | D:2      | Reached XP level 6. HP: 55/55 MP: 5/5
  1957 | D:3      | Found a stormy altar of Qazlal.
  2067 | D:4      | Found a hazy altar of Hepliaklqana.
  2075 | D:4      | Noticed Eustachio
  2105 | D:4      | Killed Eustachio
  2106 | D:4      | Reached skill level 5 in Fighting
  2106 | D:4      | Reached skill level 5 in Armour
  2106 | D:4      | Reached skill level 5 in Shields
  2335 | D:4      | Found a hide-covered altar of Uskayaw.
  2417 | D:4      | Reached XP level 7. HP: 45/61 MP: 6/6
  2758 | D:4      | Found a sacrificial altar of Ru.
  2799 | D:4      | Noticed Edmund
  2817 | D:4      | Killed Edmund
  3073 | D:5      | Entered Level 5 of the Dungeon
  3090 | D:5      | Found a staircase to the Ecumenical Temple.
  3100 | Temple   | Entered the Ecumenical Temple
  3148 | D:5      | Reached skill level 5 in Axes
  3320 | D:5      | Reached XP level 8. HP: 51/70 MP: 7/7
  3409 | D:5      | Found a snail-covered altar of Cheibriados.
  3691 | D:6      | Noticed haemogoblin's ghost (novice KoCK)
  3692 | D:6      | Found a transporter.
  3706 | D:6      | Noticed Prince Ribbit
  3714 | D:6      | Reached skill level 5 in Dodging
  3715 | D:6      | Killed Prince Ribbit
  3919 | D:6      | Found an ancient bone altar of Kikubaaqudgha.
  3921 | D:6      | Found a transporter.
  4420 | D:6      | Found a glowing silver altar of Zin.
  4492 | D:7      | Reached XP level 9. HP: 79/79 MP: 8/8
  5084 | D:7      | Found a shimmering altar of Xom.
  5715 | D:8      | Noticed Maurice
  5727 | D:8      | Killed Maurice
  6014 | D:8      | Found Umounkir's Book Emporium.
  6079 | D:8      | Reached XP level 10. HP: 90/90 MP: 9/9
  6145 | D:8      | Found a shadowy altar of Dithmenos.
  6202 | D:8      | Gained mutation: Your body sometimes deteriorates upon
                  | taking damage. [potion of mutation]
  6516 | D:9      | Noticed a two-headed ogre
  6843 | D:9      | Killed a two-headed ogre
  7006 | D:9      | Found a staircase to the Lair.
  7432 | D:9      | Found an iron altar of Okawaru.
  7438 | D:9      | Became a worshipper of Warmaster Okawaru
  7655 | D:10     | Entered Level 10 of the Dungeon
  7868 | D:10     | Found a staircase to the Orcish Mines.
  8017 | D:10     | Reached XP level 11. HP: 88/99 MP: 10/10
  8029 | D:10     | Reached skill level 10 in Shields
  8043 | D:10     | Reached skill level 10 in Fighting
  8043 | D:10     | Reached skill level 10 in Armour
  8282 | D:10     | Reached * piety under Okawaru
  8313 | D:10     | Noticed Lodul
  8323 | D:10     | Killed Lodul
  8324 | D:10     | Noticed Harold
  8706 | D:10     | Killed Harold
  8730 | D:10     | HP: 2/100 [gargoyle/stone arrow (7)]
  8731 | D:10     | Slain by a gargoyle

Illustrated notes

Levels and vault maps discovered:
D:1:      minmay_arrival_up_and_down, layout_loops_cross,
          shapermc_ecumenical_altar_venn, serial_bayou_ford_a
D:2:      layout_loops_cross, uniq_natasha, uniq_sigmund
D:3:      layout_loops_ring, nicolae_qazlal_eye_of_the_storm
D:4:      layout_basic, mainiacjoe_overflow_chevrons,
          mainiacjoe_overflow_boulevard,
          nicolae_uskayaw_murder_on_the_dancefloor, hex_large, uniq_eustachio,
          uniq_edmund
D:5:      layout_rooms, kennysheep_slug_shrine,
          minmay_temple_entry_statues_pillars, minmay_fountain_box
D:6:      layout_basic, kiku_gazebo_garden_becter, zin_treasury,
          gammafunk_ghost_arena, uniq_prince_ribbit1
D:7:      layout_loops_ring, xom_confusion_cloud
D:8:      layout_cave_pools, grunt_dithmenos_smoke_and_mirrors, serial_shops,
          shop, uniq_maurice
D:9:      layout_roguey, marbit_many_paths, due_lair_maze_entry_diamond
D:10:     layout_loops_ring, kennysheep_mini_moat, old_standard_altar,
          david_orc_3, chequers_serial_rivers_room_b, uniq_harold, uniq_lodul
Temple:   hellmonk_temple_rainy

Skill      XL: |  1  2  3  4  5  6  7  8  9 10 11 |
---------------+----------------------------------+-----
Dodging        | 1 2 3 4 5 6 8 |  8.8
Armour         | 4 5 6 7 8 9 10 | 10.3
Shields        | 4 5 6 7 8 9 10 | 10.4
Fighting       | 4 5 6 7 8 9 10 | 10.3
Axes           | 3 4 5 6 8 9 |  9.9

Action                   |  1- 3 |  4- 6 |  7- 9 | 10-12 || total
-------------------------+-------+-------+-------+-------++-------
Melee: War axe           |    71 |    84 |   282 |   239 ||   676
       Headbutt          |    11 |    12 |    33 |    56 ||   112
       Unarmed           |       |       |     9 |       ||     9
  Use: Scroll            |     3 |     7 |     7 |     6 ||    23
       Potion            |       |       |     5 |     6 ||    11
 Stab: Confused          |       |       |     1 |       ||     1
Armor: Scale mail        |    36 |    73 |   194 |   114 ||   417
       Skin              |       |       |     1 |       ||     1
Dodge: Dodged            |    37 |    62 |   166 |   135 ||   400
Block: Buckler           |    17 |    25 |    76 |    63 ||   181

Table legend: (Time is in decaauts)
 A = Elapsed time spent in this place.
 B = Non-inter-level travel time spent in this place.
 C = Inter-level travel time spent in this place.
 D = Time resting spent in this place.
 E = Time spent auto-exploring this place.
 F = Levels seen in this place.
 G = Mean time per level.
                   A        B        C        D        E       F      G
               +--------+--------+--------+--------+--------+-----+--------+
         Total |   8898 |   8660 |    238 |    392 |   6567 |  11 |  808.9 |
       Dungeon |   8872 |   8634 |    238 |    392 |   6567 |  10 |  887.2 |
        Temple |     25 |     25 |      0 |      0 |      0 |   1 |   25.0 |
               +--------+--------+--------+--------+--------+-----+--------+

Top non-repeatable levels by time:
     D:9: 1369 daAuts
     D:7: 1208 daAuts
     D:4: 1082 daAuts
     D:6: 878 daAuts
     D:8: 867 daAuts
    D:10: 866 daAuts
     D:3: 718 daAuts
     D:2: 674 daAuts
     D:1: 671 daAuts
     D:5: 535 daAuts
  Temple: 25 daAuts
